 Dungeon Crawl Stone Soup version 0.22.1-1-ga44c0e5 (webtiles) character file.

95 Fang the Skirmisher (level 4, 0/29 HPs)
             Began as a Gargoyle Berserker on Sept 25, 2018.
             Was a Believer of Trog.
             Slain by a goblin
             ... wielding a +0 whip
              (3 damage)
             ... on level 3 of the Dungeon.
             The game lasted 00:01:11 (2265 turns).

Fang the Skirmisher (Gargoyle Berserker)            Turns: 2265, Time: 00:01:12

Health: 0/29       AC:  5    Str: 22    XL:     4   Next: 66%
Magic:  4/4        EV: 12    Int:  7    God:    Trog [**....]
Gold:   99         SH:  0    Dex:  9    Spells: 3/3 levels left

rFire    . . .     SeeInvis .   a - +0 hand axe
rCold    . . .     Gourm    .   (no shield)
rNeg     + . .     Faith    .   b - +0 animal skin
rPois    ∞         Spirit   .   (no helmet)
rElec    +         Reflect  .   (no cloak)
rCorr    .         Harm     .   (no gloves)
MR       .....                  (no boots)
Stlth    ++........             (no amulet)
HPRegen  0.09/turn              m - ring of stealth
MPRegen  0.09/turn              (no ring)

@: no status effects
A: negative energy resistance 1, electricity resistance, unbreathing,
petrification resistance, rot immunity, AC +3
a: Berserk, Trog's Hand, Renounce Religion


You were on level 3 of the Dungeon.
You worshipped Trog.
Trog was pleased with you.
You were not hungry.

You visited 1 branch of the dungeon, and saw 3 of its levels.

You collected 99 gold pieces.

Inventory:

Hand Weapons
 a - a +0 hand axe (weapon)
Armour
 b - a +0 animal skin (worn)
Jewellery
 m - a ring of stealth (left hand)
Scrolls
 e - a scroll of noise {unknown}
 f - 3 scrolls of teleportation {unknown}
 g - 3 scrolls of identify {unknown}
 h - a scroll of remove curse {unknown}
 k - a scroll of immolation {unknown}
 l - 2 scrolls of enchant armour {unknown}
Potions
 d - a potion of cancellation {unknown}
 i - a potion of agility {unknown}
 j - a potion of heal wounds {unknown}
Comestibles
 c - 3 rations


   Skills:
 + Level 4.1 Fighting
 + Level 3.7 Axes
 + Level 2.3 Armour
 + Level 2.1 Dodging
 + Level 0.6 Stealth


You had 3 spell levels left.
You didn't know any spells.
Your spell library was empty.

Dungeon Overview and Level Annotations

Branches:
Dungeon (3/15)

Altars:
Elyvilon


Innate Abilities, Weirdness & Mutations

You are resistant to torment.
Your stone body is resilient. (AC +3)
You are immune to poison.
You resist negative energy. (rN+)
You are resistant to electric shocks. (rElec)
You can survive without breathing.
You are immune to petrification.
You are immune to rotting.


Message History

The goblin hits you with a whip.
* * * LOW HITPOINT WARNING * * *
The worker ant bites you but does no damage.
You hit the worker ant.
The worker ant is severely wounded.
You hit the goblin. The goblin closely misses you.
The worker ant bites you but does no damage.
You hit the worker ant.
The worker ant is almost dead.
You barely miss the goblin. The goblin hits you but does no damage.
The worker ant completely misses you.
Unknown command.
You eat one of the 4 rations.
That ration really hit the spot!
The goblin misses you. The worker ant bites you.
* * * LOW HITPOINT WARNING * * *
You barely miss the worker ant.
The worker ant is almost dead.
You hit the goblin but do no damage. The worker ant closely misses you.
The goblin hits you with a whip.
You die...

# .# ##.#
###..<###.
.r...'... #####
#ag..#
#.....#####@..#
.(.$..........#
#.##########..#
..# ..# #.# ..
...


You could see a worker ant, a goblin and a rat.

Vanquished Creatures
  7 adders
  A dart slug (D:1)
  2 leopard geckos (D:1)
  3 bats
  3 giant cockroaches
  A goblin (D:1)
  3 hobgoblins
  2 jackals (D:1)
  2 kobolds
  2 ball pythons
  3 frilled lizards
  3 rats
32 creatures vanquished.

Vanquished Creatures (others)
  4 toadstools (D:1)
4 creatures vanquished.

Grand Total: 36 creatures vanquished

Notes
Turn   | Place    | Note
-------+----------+-------------------------------------------
     0 | D:1      | Fang the Gargoyle Berserker began the quest for the Orb.
     0 | D:1      | Reached XP level 1. HP: 14/14 MP: 1/1
   181 | D:1      | Reached XP level 2. HP: 11/19 MP: 2/2
  1020 | D:2      | Reached XP level 3. HP: 21/24 MP: 3/3
  1308 | D:2      | Reached skill level 4 in Fighting
  1308 | D:2      | Reached XP level 4. HP: 20/29 MP: 4/4
  2039 | D:2      | Found a white marble altar of Elyvilon.
  2261 | D:3      | Reached ** piety under Trog
  2265 | D:3      | Slain by a goblin

Skill      XL: |  1  2  3 |
---------------+----------+-----
Axes           | 3 |  3.7
Dodging        | 2 |  2.1
Fighting       | 4 |  4.1
Armour         | |  2.3
Stealth        | |  0.6

Action                   |  1- 3 |  4- 6 || total
-------------------------+-------+-------++-------
Melee: Hand axe          |    84 |    51 ||   135
Invok: Berserk           |     1 |       ||     1
 Stab: Sleeping          |     1 |     4 ||     5
  Eat: Chunk             |     1 |     2 ||     3
       Ration            |       |     1 ||     1
Armor: Animal skin       |    30 |    23 ||    53
Dodge: Dodged            |    50 |    33 ||    83
